 Dungeon Crawl Stone Soup version 0.28-a0-1002-gf00fe891ef (webtiles) character file.

Game seed: 10587712893993105484

200 ragingrage the Chopper (level 5, -1/44 HPs)
             Began as a Palentonga Fighter on Dec 7, 2021.
             Slain by a wyvern zombie (7 damage)
             ... on level 4 of the Dungeon.
             The game lasted 00:02:20 (3591 turns).

ragingrage the Chopper (Palentonga Fighter)         Turns: 3591, Time: 00:02:20

Health: -1/44      AC:  9    Str: 19    XL:     5   Next: 48%
Magic:  5/5        EV:  3    Int:  8    God:
Gold:   50         SH:  4    Dex: 12    Spells: 4/4 levels left

rFire   . . .      SeeInvis +   g - +2 dagger (elec)
rCold   . . .      Faith    .   c - +0 buckler
rNeg    . . .      Spirit   .   j - +0 plate armour
rPois   .          Reflect  .   k - +0 hat
rElec   .          Harm     .   (no cloak)
rCorr   .          Rampage  .   (no gloves)
Will    .....                   (no barding)
Stlth   ..........              l - amulet of the acrobat
HPRegen 0.14/turn               (no ring)
MPRegen 0.09/turn               (no ring)

@: no status effects
A: large, rugged brown scales 3, see invisible, deformed body, roll 1, armoured
tail
a: Rolling Charge


You were on level 4 of the Dungeon.
You visited 1 branch of the dungeon, and saw 4 of its levels.

You collected 50 gold pieces.

Inventory:

Hand Weapons
 a - a +0 war axe
 g - a +2 dagger of electrocution (weapon)
 m - a +3 hand axe
Armour
 c - a +0 buckler (worn)
 j - a +0 plate armour (worn)
 k - a +0 hat (worn)
Jewellery
 l - an amulet of the acrobat (around neck)
Scrolls
 b - 2 scrolls of teleportation {unknown}
 h - 2 scrolls of fog {unknown}
 n - a scroll of fear {unknown}
Potions
 d - a potion of might
 e - a potion of haste {unknown}
 f - a potion of degeneration {unknown}
 i - a potion of berserk rage {unknown}
 o - 2 potions of heal wounds {unknown}
 p - a potion of curing {unknown}
 q - a potion of mutation {unknown}


   Skills:
 + Level 3.8 Fighting
 + Level 4.5 Axes
 + Level 2.9 Armour
 + Level 2.9 Shields


You had 4 spell levels left.
You didn't know any spells.
Your spell library contained the following spells:

 Spells                   Type           Power      Damage    Failure   Level
 Sandblast                Erth           0%         2d4       100%        1
 Blink                    Tloc           0%         N/A       100%        2
 Gell's Gravitas          Tloc           0%         N/A       100%        3
 Lesser Beckoning         Tloc           0%         N/A       100%        3
 Teleport Other           Tloc           0%         N/A       100%        3
 Manifold Assault         Tloc           0%         N/A       100%        5
 Dispersal                Tloc           0%         N/A       100%        6


Dungeon Overview and Level Annotations

Branches:
Dungeon (4/15)
 Temple: D:4-7

Altars:


Innate Abilities, Weirdness & Mutations

You are completely covered in rugged brown scales. (AC +3, +7% HP)
You have supernaturally acute eyesight. (SInv)
Armour fits poorly on your strangely shaped body.
You can roll at nearby foes to attack.
You have a long armoured tail.


Message History

You tail-slap the water moccasin skeleton.
The water moccasin skeleton is heavily damaged.
The water moccasin skeleton bites you but does no damage.
You hit the water moccasin skeleton.
You tail-slap the water moccasin skeleton.
The water moccasin skeleton is severely damaged.
The water moccasin skeleton bites you but does no damage.
Your plate armour prevents you from hitting the goblin.
You tail-slap the goblin.
You kill the goblin!
You closely miss the water moccasin skeleton.
The water moccasin skeleton is severely damaged.
A wyvern zombie comes into view.
The water moccasin skeleton bites you.
You hit the water moccasin skeleton.
Lightning courses through the water moccasin skeleton!!
You destroy the water moccasin skeleton!
You see here a +0 dagger.
You barely miss the wyvern zombie. You tail-slap the wyvern zombie.
The wyvern zombie is lightly damaged.
The wyvern zombie bites you but does no damage.
You hit the wyvern zombie. You tail-slap the wyvern zombie.
The wyvern zombie is moderately damaged.
The wyvern zombie bites you! x2
You are too injured to fight recklessly!
You are too injured to fight recklessly!
You are too injured to fight recklessly!
You hit the wyvern zombie.
Lightning courses through the wyvern zombie!
The wyvern zombie is heavily damaged.
You block the wyvern zombie's attack.
You barely miss the wyvern zombie. You tail-slap the wyvern zombie!
The wyvern zombie is severely damaged.
The wyvern zombie bites you!
You hit the wyvern zombie. You tail-slap the wyvern zombie!
The wyvern zombie is almost destroyed.
The wyvern zombie bites you!
* * * LOW HITPOINT WARNING * * *
The wyvern zombie bites you!
You die...

#. ###. #.# ###...
#.#.. ######...####.#..
#####...............
..........#.....#.#
..........†.......###.#
#.......).............#
#......Z@.........#####
......#...........<...#
#................####.#
......#..........#
#................#
...#....>.###.#..#
..........# #.#..#
.###....# #.#... ..
#.#...#


You could see a wyvern zombie.

Vanquished Creatures
  A water moccasin skeleton (D:4)
  Jessica (D:2)
  4 adders
  2 worms
  4 dart slugs (D:2)
  6 orcs (D:3)
  3 bats
  3 endoplasms
  4 giant cockroaches
  10 goblins
  3 hobgoblins
  5 kobolds
  2 quokkas
  10 ball pythons
  3 frilled lizards (D:2)
  8 rats
69 creatures vanquished.

Vanquished Creatures (others)
  A fungus (D:1)
1 creature vanquished.

Grand Total: 70 creatures vanquished

Notes
Turn   | Place    | Note
-------+----------+-------------------------------------------
     0 | D:1      | ragingrage the Palentonga Fighter began the quest for the
                  | Orb.
     0 | D:1      | Reached XP level 1. HP: 19/19 MP: 1/1
   282 | D:1      | Reached XP level 2. HP: 22/25 MP: 2/2
   444 | D:1      | Reached skill level 3 in Axes
   541 | D:1      | Found a faded altar of an unknown god.
   549 | D:1      | Got Plato's Almanac of Clay
  1253 | D:2      | Reached XP level 3. HP: 29/31 MP: 3/3
  1661 | D:2      | Noticed Jessica
  1665 | D:2      | Killed Jessica
  1666 | D:2      | Reached skill level 4 in Axes
  1672 | D:2      | Reached XP level 4. HP: 28/37 MP: 4/4
  3212 | D:3      | Reached XP level 5. HP: 43/43 MP: 5/5
  3591 | D:4      | Slain by a wyvern zombie

Illustrated notes

Levels and vault maps discovered:
D:1:      pf_arrival_petrified_forest, layout_basic,
          shapermc_ecumenical_altar_rom_forum, nrook_loot_triangle,
          minmay_split_cup_small
D:2:      minmay_diamond_boxcup, layout_basic, serial_curves, eino_curves_03,
          eino_curves_04, roderic_lattice_a, kennysheep_flooded_box,
          grunt_ministairs_6, uniq_jessica
D:3:      layout_basic
D:4:      kennysheep_spiral_hall, layout_basic, minmay_temple_entry_large_hall,
          minmay_manual_maat

Skill      XL: |  1  2  3 |
---------------+----------+-----
Axes           | 3 4 |  4.5
Fighting       | |  3.8
Armour         | |  2.9
Shields        | |  2.9

Action                   |  1- 3 |  4- 6 || total
-------------------------+-------+-------++-------
Melee: War axe           |    39 |       ||    39
       Tailslap          |     8 |    15 ||    23
       Dagger            |    41 |   102 ||   143
 Abil: Rolling Charge    |     6 |    15 ||    21
Armor: Scale mail        |    29 |       ||    29
       Plate armour      |     4 |    37 ||    41
Dodge: Dodged            |    22 |    12 ||    34
Block: Buckler           |    12 |    17 ||    29

Table legend: (Time is in decaauts)
 A = Elapsed time spent in this place.
 B = Non-inter-level travel time spent in this place.
 C = Inter-level travel time spent in this place.
 D = Time resting spent in this place.
 E = Time spent auto-exploring this place.
 F = Levels seen in this place.
 G = Mean time per level.
                   A        B        C        D        E       F      G
               +--------+--------+--------+--------+--------+-----+--------+
         Total |   3604 |   3493 |    111 |    300 |   2756 |   4 |  901.0 |
       Dungeon |   3604 |   3493 |    111 |    300 |   2756 |   4 |  901.0 |
               +--------+--------+--------+--------+--------+-----+--------+

Top non-repeatable levels by time:
     D:2: 1394 daAuts
     D:1: 1146 daAuts
     D:3: 1036 daAuts
     D:4: 25 daAuts
